Map: Selva profunda EE

Players

rOSPi - Winner!

  • Race: Zerg Zerg
  • Spawn Location: 7:00

Tripredacus - Winner!

  • Race: Protoss Protoss
  • Spawn Location: 7:00

Dainmishima - Winner!

  • Race: Protoss Protoss
  • League: Silver
  • Spawn Location: 7:00

MrFercho

  • Race: Zerg Zerg
  • League: Gold
  • Spawn Location: 3:00

TATORREA

  • Race: Protoss Protoss
  • League: Gold
  • Spawn Location: 1:00

tigro

  • Race: Terran Terran
  • League: Bronze
  • Spawn Location: 1:00

VOD

Have the link to the VOD?

Description

Time

  • Played on: July 24, 2020, 9:45 p.m.
  • Length: 6:20
Show
View Real Time Build Order
Export as new Build Order

rOSPi Zerg - Winner!

Build Orders: Hatch First 

Get SALT Encoding   

  12  0:01  Drone  
  13  0:13  Overlord  
  13  0:48  Hatchery  
  12  0:51  Drone x3  
  15  1:05  Drone  
  16  1:18  Drone  
  17  1:29  Drone  
  18  1:36  Drone  
  19  1:44  Spawning Pool  
  19  1:45  Extractor  
  19  1:46  Drone  
  18  1:59  Drone  
  19  2:04  Drone  
  20  2:12  Drone  
  20  2:13  Drone  
  22  2:22  Overlord  
  22  2:25  Drone  
  23  2:31  Queen  
  23  2:33  Queen  
  27  2:37  Drone  
  27  2:42  Drone  
  27  2:43  Drone  
  30  2:50  Overlord  
  30  2:53  Metabolic Boost  
  30  2:56  Drone  
  31  2:59  Drone  
  31  3:01  Drone  
  33  3:14  Drone  
  34  3:34  Zergling x4  
  35  3:37  Overlord x3  
  36  4:00  Zergling x8  
  40  4:03  Zergling x2  
  40  4:04  Zergling x4  
  43  4:10  Overlord  
  43  4:13  Zergling x2  
  43  4:15  Zergling x2  
  43  4:16  Zergling x4  
  47  4:54  Zergling x2  
  47  4:55  Zergling x4  
  47  4:56  Zergling x2  
  47  4:57  Zergling x10  
  48  5:39  Drone x3  
  48  5:40  Drone x2  
  53  5:43  Zergling x6  
Show
View Real Time Build Order
Export as new Build Order

Tripredacus Protoss - Winner!

Build Orders:  

Get SALT Encoding   

  12  0:07  Probe  
  13  0:19  Probe  
  14  0:29  Pylon  
  14  0:51  Probe  
  15  1:01  Forge  
  15  1:03  Probe  
  16  1:06  Pylon  
  16  1:30  Probe  
  16  1:42  Probe  
  17  1:47  Gateway  
  18  1:54  Gateway, Probe  
  18  1:57  Gateway  
  18  2:06  Gateway, Probe  
  19  2:20  Probe  
  19  2:21  Assimilator  
  20  2:32  Probe  
  21  2:39  Zealot  
  21  2:41  Zealot  
  25  2:44  Probe  
  25  2:45  Zealot  
  28  2:56  Probe  
  29  2:58  Pylon  
  29  3:03  Zealot  
  31  3:16  Probe, Zealot  
  34  3:23  Zealot x2  
  38  3:30  Pylon  
  38  3:36  Pylon  
  38  3:41  Assimilator  
  38  3:48  Zealot x2  
  42  4:02  Zealot x2  
  46  4:15  Zealot  
  48  4:22  Cybernetics Core  
  34  5:18  Stargate  
  32  5:22  Stargate  
  32  5:25  Stargate  
  30  5:38  Nexus  
Show
View Real Time Build Order
Export as new Build Order

Dainmishima Protoss - Winner!

Build Orders:  

Get SALT Encoding   

  12  0:01  Probe  
  13  0:14  Pylon  
  13  0:23  Probe  
  14  0:35  Probe  
  15  0:37  Gateway  
  15  0:47  Probe  
  16  0:52  Assimilator  
  16  0:59  Probe  
  17  1:08  Pylon  
  17  1:11  Probe  
  18  1:23  Probe  
  19  1:31  Cybernetics Core  
  19  1:34  Zealot  
  19  1:38  Probe  
  22  1:49  Warp Gate  
  22  1:50  Probe  
  23  2:10  Probe  
  24  2:21  Assimilator  
  24  2:22  Pylon, Probe  
  25  2:34  Probe  
  26  2:40  Gateway  
  26  2:43  Gateway  
  26  2:45  Gateway  
  26  2:46  Probe  
  27  2:58  Probe  
  28  3:06  Sentry  
  30  3:15  Pylon  
  30  3:39  Gateway  
  30  3:40  Stalker x2  
  30  3:41  Stalker  
  36  3:44  Stalker  
  38  3:53  Pylon  
  38  3:57  Pylon  
  38  4:04  Zealot  
  38  4:05  Stalker x2  
  38  4:08  Sentry  
  46  4:44  Zealot  
  46  4:45  Zealot x4  
  52  5:13  Stalker x5  
  62  5:24  Pylon x2  
  60  5:53  Stalker x2  
  60  5:54  Zealot x3  
Show
View Real Time Build Order
Export as new Build Order

MrFercho Zerg 

Build Orders: Pool First 

Get SALT Encoding   

  12  0:01  Drone  
  13  0:15  Overlord  
  13  0:33  Spawning Pool  
  13  0:35  Drone  
  13  0:38  Drone  
  14  0:43  Drone  
  14  0:47  Drone  
  16  1:17  Hatchery  
  15  1:23  Zergling x4  
  17  1:29  Drone  
  18  1:34  Extractor  
  18  1:35  Drone  
  18  1:55  Drone  
  18  2:00  Overlord  
  19  2:02  Queen  
  21  2:10  Drone  
  22  2:20  Overlord  
  22  2:28  Drone  
  23  2:35  Queen  
  25  2:38  Metabolic Boost  
  25  2:43  Drone  
  25  2:44  Drone x2  
  28  3:06  Drone x2  
  28  3:07  Drone x2  
  28  3:11  Drone  
  28  3:12  Drone x2  
  35  3:14  Drone  
  36  3:24  Drone x2  
  38  3:35  Drone x2  
  40  3:47  Baneling Nest  
  40  3:48  Overlord x2  
  39  3:56  Zergling x4  
  41  4:03  Drone  
  41  4:04  Drone  
  41  4:07  Zergling x10  
  48  4:21  Zergling x6  
  51  4:40  Zergling x12  
  38  4:56  Zergling x2  
  38  4:57  Zergling x2  
  33  5:11  Zergling x4  
  33  5:12  Hatchery  
  33  5:13  Hatchery  
  27  5:28  Spine Crawler  
  26  5:29  Spine Crawler  
  26  5:31  Spine Crawler  
  26  5:32  Spine Crawler  
  26  5:34  Zergling x6  
  25  5:36  Baneling x4  
  25  5:42  Spine Crawler  
  24  5:43  Zergling x2  
  24  5:44  Zergling x2  
  26  5:50  Zergling x6  
Show
View Real Time Build Order
Export as new Build Order

TATORREA Protoss 

Build Orders:  

Get SALT Encoding   

  12  0:01  Probe  
  13  0:13  Probe  
  14  0:24  Pylon  
  14  0:25  Probe  
  15  0:42  Probe  
  16  0:50  Gateway  
  16  0:53  Probe  
  17  1:01  Probe  
  17  1:02  Assimilator  
  17  1:06  Pylon  
  17  1:09  Probe  
  18  1:17  Probe  
  20  1:26  Probe  
  21  1:41  Zealot  
  23  2:00  Probe  
  24  2:03  Cybernetics Core  
  24  2:06  Zealot  
  24  2:08  Pylon  
  24  2:12  Probe  
  27  2:22  Assimilator  
  27  2:24  Probe  
  28  2:37  Probe  
  29  2:52  Pylon, Nexus  
  29  2:56  Probe  
  30  3:02  Gateway  
  30  3:06  Warp Gate  
  30  3:10  Zealot  
  32  3:19  Probe  
  33  3:29  Stargate  
  33  3:31  Probe  
  34  3:43  Probe  
  35  3:55  Pylon, Probe  
  36  3:59  Pylon  
  36  4:03  Twilight Council  
  36  4:05  Zealot  
  36  4:07  Probe  
  39  4:10  Zealot  
  39  4:12  Probe  
  42  4:28  Shield Battery  
  42  4:35  Shield Battery  
  40  4:57  Stalker  
  40  4:58  Stalker  
  7  5:22  Stalker x2  
  7  5:36  Probe x2  
Show
View Real Time Build Order
Export as new Build Order

tigro Terran 

Build Orders:  

Get SALT Encoding   

  12  0:13  Supply Depot, SCV  
  13  0:25  SCV  
  14  0:37  SCV  
  14  0:41  Barracks  
  15  0:49  SCV, Refinery  
  16  1:01  SCV  
  17  1:13  SCV  
  18  1:25  SCV  
  18  1:27  Marine  
  20  1:37  Supply Depot, SCV  
  21  1:40  Refinery  
  21  1:45  Marine  
  22  2:03  Marine  
  23  2:10  SCV  
  24  2:21  Marine  
  26  2:22  SCV  
  26  2:25  Factory  
  26  2:26  Engineering Bay  
  26  2:34  SCV  
  27  2:39  Marine  
  28  2:47  Orbital Command  
  28  2:57  Barracks  
  28  2:58  Barracks Tech Lab  
  28  3:11  Terran Infantry Weapons Level 1  
  28  3:18  Combat Shield  
  28  3:23  Factory Tech Lab  
  28  3:49  Starport  
  28  3:54  Barracks Reactor  
  28  4:12  Siege Tank  
  31  4:18  Marine  
  31  4:23  Refinery  
  28  4:36  Marine  
  28  4:39  Marine x2  
  30  4:54  Marine  
  30  4:57  Marine x2  
  33  5:12  Marine  
  33  5:15  Marine x2  
  30  5:27  Siege Tank  
  31  5:30  Marine  
  31  5:33  Marine x2  
  34  5:47  Marine  
  31  5:50  Marine  
  31  5:51  Marine  
Tags
 
Add a new tag
Caveats
  • Supply blocks, unpowered buildings, or Contaminate may cause inaccurate times.
  • Supply counts are checked every 10 seconds.